 Dungeon Crawl Stone Soup version 0.27.1-34-g3ba077fa99 (webtiles) character file.

Game seed: 1891739894107681148

50 Arum the Shield-Bearer (level 4, -4/37 HPs)
             Began as a Formicid Fighter on Jan 9, 2022.
             Slain by Sigmund (6 damage)
             ... on level 2 of the Dungeon.
             The game lasted 00:01:33 (1264 turns).

Arum the Shield-Bearer (Formicid Fighter)           Turns: 1264, Time: 00:01:34

Health: -4/37      AC:  8    Str: 22    XL:     4   Next: 4%
Magic:  4/4        EV:  8    Int:  7    God:
Gold:   52         SH:  9    Dex: 10    Spells: 3/3 levels left

rFire    . . .     SeeInvis +   a - +0 quarterstaff
rCold    . . .     Faith    .   c - +0 kite shield
rNeg     . . .     Spirit   .   b - +0 scale mail
rPois    .         Reflect  .   (helmet unavailable)
rElec    .         Harm     .   (no cloak)
rCorr    .         Rampage  .   (no gloves)
Will     .....                  h - +0 pair of boots
Stlth    ..........             (no amulet)
HPRegen  0.12/turn              (no ring)
MPRegen  0.09/turn              (no ring)

@: mighty, attractive, very slightly contaminated, invisible
A: permanent stasis, dig shafts and tunnels, antennae 3, four strong arms
a: Dig, Shaft Self


You were on level 2 of the Dungeon.
You visited 1 branch of the dungeon, and saw 2 of its levels.

You collected 52 gold pieces.

Inventory:

Hand Weapons
 a - a +0 quarterstaff (weapon)
 e - a +2 mace of holy wrath
Armour
 b - a +0 scale mail (worn)
 c - a +0 kite shield (worn)
 h - a +0 pair of boots (worn)
Scrolls
 g - a scroll of fear {unknown}
 i - a scroll of immolation {unknown}
 k - a scroll of teleportation {unknown}
 l - a scroll of magic mapping {unknown}
Potions
 d - a potion of might


   Skills:
 + Level 3.9 Fighting
 + Level 2.8 Staves
 - Level 3.2 Armour
 + Level 4.3 Shields


You had 3 spell levels left.
You didn't know any spells.
Your spell library was empty.

Dungeon Overview and Level Annotations

Branches:
Dungeon (2/15)

Altars:

Shops:
D:1 *

Annotations:
D:2 Sigmund


Innate Abilities, Weirdness & Mutations

You cannot be hasted, slowed, berserked, paralysed or teleported.
You can dig through walls and to a lower floor.
You have a pair of large antennae on your head. (SInv)
Your four strong arms can wield two-handed weapons with a shield.


Message History

You closely miss Sigmund. Sigmund hits you with a +0 scythe!
You closely miss Sigmund. Sigmund gestures at you while chanting.
The puff of flame misses you.
You barely miss Sigmund.
Sigmund points at you and mumbles some strange words.
You are confused.
You are too confused!
You are too confused!
You are too confused!
You are too confused!
You are too confused!
You are too confused!
You are too confused!
You are too confused!
You are too confused!
You are too confused!
You are too confused!
You are too confused!
You are too confused!
You are too confused!
You are too confused!
You are too confused!
You are too confused!
It was a potion of attraction.
You feel attractive to monsters. Sigmund closely misses you.
It was a potion of invisibility.
You fade into invisibility!
Sigmund hits you with a +0 scythe!
You are very lightly contaminated with residual magic.
You bump into the rock wall.
You feel very mighty all of a sudden. Sigmund hits you with a +0 scythe.
You bump into the rock wall.
You feel less confused. Sigmund hits you with a +0 scythe!
* * * LOW HITPOINT WARNING * * *
You barely miss Sigmund. Sigmund hits you with a +0 scythe.
You die...

#......................
+......................
#........†.@...........
+......................
#......................
#...........###########
#...........##
....#..#'###+##@#
..#.#..#.# # #@## .
.....#.# #.### ######
###...#.# #.#######....#
....#.###............#
##.>##.#..............#
#.. #.#..............#
#.#.............########
#.#.............'.......
{
#.#........†....########


You could see Sigmund (invisible).

Vanquished Creatures
  An adder (D:2)
  A dart slug (D:1)
  6 endoplasms
  A giant cockroach (D:1)
  5 goblins
  A hobgoblin (D:1)
  A quokka (D:2)
  2 ball pythons
  4 bats (D:1)
  A frilled lizard (D:1)
  6 kobolds (D:1)
  7 rats
36 creatures vanquished.

Notes
Turn   | Place    | Note
-------+----------+-------------------------------------------
     0 | D:1      | Arum the Formicid Fighter began the quest for the Orb.
     0 | D:1      | Reached XP level 1. HP: 18/18 MP: 1/1
   180 | D:1      | Reached XP level 2. HP: 24/24 MP: 2/2
   293 | D:1      | Reached skill level 4 in Shields
   461 | D:1      | Reached XP level 3. HP: 28/30 MP: 3/3
   672 | D:1      | Found Hooden's General Store.
   879 | D:1      | Found a faded altar of an unknown god.
  1155 | D:2      | Reached XP level 4. HP: 27/37 MP: 4/4
  1241 | D:2      | Noticed Sigmund
  1264 | D:2      | Slain by Sigmund

Illustrated notes

Levels and vault maps discovered:
D:1:      wander_arrival_chamber, layout_rooms,
          shapermc_ecumenical_altar_mp_vishouse, serial_shops,
          nicolae_shop_crystal
D:2:      layout_basic, chequers_serial_rivers_large_b, uniq_sigmund

Skill      XL: |  1  2 |
---------------+-------+-----
Shields        | 4 |  4.3
Fighting       | |  3.9
Staves         | |  2.8
Armour         | |  3.2

Action                   |  1- 3 |  4- 6 || total
-------------------------+-------+-------++-------
Melee: Quarterstaff      |    77 |     7 ||    84
 Abil: Dig               |       |     1 ||     1
  Use: Potion            |       |     3 ||     3
Armor: Scale mail        |    24 |       ||    24
Dodge: Dodged            |    22 |     3 ||    25
Block: Kite shield       |    27 |     2 ||    29
